 Dungeon Crawl Stone Soup version 0.21-a0-507-ga8f6b7a (webtiles) character file.

40 slep the Poker (level 3, 0/27 HPs)
             Began as a Demonspawn Gladiator on Nov 28, 2017.
             Slain by a worm (7 damage)
             ... on level 2 of the Dungeon.
             The game lasted 00:03:12 (1122 turns).

slep the Poker (Demonspawn Gladiator)               Turns: 1122, Time: 00:03:13

Health: 0/27       AC:  4    Str: 15    XL:     3   Next: 30%
Magic:  3/3        EV: 13    Int:  9    God:
Gold:   83         SH:  0    Dex: 14    Spells: 2/2 levels left

rFire    . . .     SeeInvis .   a - +0 trident
rCold    . . .     Gourm    .   (no shield)
rNeg     . . .     Faith    .   b - +0 leather armour
rPois    .         Spirit   .   c - +0 helmet
rElec    .         Reflect  .   (no cloak)
rCorr    .         Harm     .   (no gloves)
MR       .....                  (no boots)
Stlth    ++........             (no amulet)
HPRegen  0.09/turn              (no ring)
MPRegen  0.08/turn              (no ring)

@: no status effects
A: talons 1, nightstalker 1
a: no special abilities


You were on level 2 of the Dungeon.
You were not hungry.

You visited 1 branch of the dungeon, and saw 2 of its levels.

You collected 83 gold pieces.

Inventory:

Hand Weapons
 a - a +0 trident (weapon)
Missiles
 d - 3 throwing nets (quivered)
Armour
 b - a +0 leather armour (worn)
 c - a +0 helmet (worn)
Scrolls
 e - 2 scrolls of remove curse {unknown}
 g - 5 scrolls of identify {unknown}
 h - a scroll of fog {unknown}
 k - 3 scrolls of enchant weapon {unknown}
 l - a scroll of magic mapping {unknown}
Potions
 i - a potion of mutation {unknown}
Comestibles
 f - 2 bread rations
 j - 2 chunks of flesh
 m - a royal jelly


   Skills:
 + Level 2.1 Fighting
 + Level 3.4 Polearms
 + Level 1.8 Throwing
 + Level 0.7 Armour
 + Level 3.0 Dodging


You had 2 spell levels left.
You didn't know any spells.

Dungeon Overview and Level Annotations

Branches:
Dungeon (2/15)

Altars:


Innate Abilities, Weirdness & Mutations

You have sharp toenails.
You are slightly more attuned to the shadows.


Message History

You barely miss the frilled lizard.
The frilled lizard is heavily wounded.
The frilled lizard closely misses you.
You barely miss the frilled lizard. Your kick misses the frilled lizard.
The frilled lizard is heavily wounded.
The frilled lizard bites you but does no damage.
The worm bites you!
You puncture the frilled lizard!
You kill the frilled lizard!
The worm bites you!
You puncture the worm!
The worm is heavily wounded.
You barely miss the worm. You claw the worm.
The worm is heavily wounded.
The worm bites you.
* * * LOW HITPOINT WARNING * * *
You barely miss the worm. You claw the worm.
The worm is severely wounded.
The worm bites you!
You die...

#..........# #..........#
...... #.#..........#
..$... #.#..........#
...... .#............#
...(...# .##...........#
........##.##...........#
.......w...##...........#
.......†@.# #............
..........# #..).†###....
..........# #...).# ....
..%.......# #.....# .###
...#.....# #.....# # .
#.....# #.....# #.....#
#...>.# #.....# #.....#
#.....# #.....#


You could see a worm.

Vanquished Creatures
  2 dart slugs (D:1)
  A leopard gecko (D:2)
  6 bats
  4 giant cockroaches
  3 goblins
  4 hobgoblins
  3 jackals (D:2)
  A ball python (D:2)
  4 frilled lizards
  3 kobolds (D:1)
  2 rats
33 creatures vanquished.

Notes
Turn   | Place    | Note
-------+----------+-------------------------------------------
     0 | D:1      | slep the Demonspawn Gladiator began the quest for the Orb.
     0 | D:1      | Reached XP level 1. HP: 16/16 MP: 1/1
   259 | D:1      | Gained mutation: You are slightly more attuned to the shadows. [demonic ancestry]
   259 | D:1      | Reached XP level 2. HP: 17/22 MP: 2/2
  1022 | D:2      | Gained mutation: You have sharp toenails. [demonic ancestry]
  1022 | D:2      | Reached XP level 3. HP: 27/27 MP: 3/3
  1122 | D:2      | Slain by a worm

Vault maps used:
D:1:      dpeg_arrival_chambers_temple_mockup, minmay_tiny_reverse_x
D:2:      lemuel_round_altar

Skill      XL: |  1  2 |
---------------+-------+-----
Polearms       | 3 |  3.4
Dodging        | 3 |  3.0
Fighting       | |  2.1
Throwing       | |  1.8
Armour         | |  0.7

Action                   || total
-------------------------++-------
Melee: Trident           ||   116
       Kick              ||     7
 Stab: Sleeping          ||     1
  Eat: Chunk             ||     1
Armor: Leather armour    ||    37
Dodge: Dodged            ||   103

Table legend:
 A = Spawn XP
 B = Non-spawn XP
 C = Spawn XP percentage of total XP
 D = Spawn monster count
 E = Non-spawn monster count
 F = Spawn count percentage of total count
 G = Total turns spent on level
                    A         B        C        D         E        F      G
               +---------+---------+-------+---------+---------+-------+---------
         Total |       0 |      58 |   0.0 |       0 |      33 |   0.0 |  1122
               +---------+---------+-------+---------+---------+-------+---------
           D:1 |       0 |      28 |   0.0 |       0 |      15 |   0.0 |   894
           D:2 |       0 |      30 |   0.0 |       0 |      18 |   0.0 |   228
               +---------+---------+-------+---------+---------+-------+---------
